 Dungeon Crawl Stone Soup version 0.31.0-9-g3a7656b989 (webtiles) character file.

Game seed: 10686562998723712014

116501 SnakkuSnakku7 the Severer (level 17, -1/119 HPs)
             Began as a Djinni Hunter on Jan 25, 2024.
             Was an Initiate of Yredelemnul.
             Killed from afar by an ironbound frostheart (8 damage)
             ... by creeping frost
             ... in an ice cave.
             The game lasted 00:41:25 (21273 turns).

SnakkuSnakku7 the Severer (Djinni Hunter)          Turns: 21273, Time: 00:41:26

Health: -1/119     AC: 24    Str: 16    XL:     17   Next: 26%
Gold:   682        EV:  7    Int: 13    God:    Yredelemnul [......] SH: 14 Dex: 19

rFire   + + +        a - +4 broad axe (heavy)
rCold   + + .        J - +2 kite shield
rNeg    . . .        A - +5 chain mail "Cuifasycku" {rPois Str+2}
rPois   ∞            q - +2 helmet
rElec   +            P - +2 cloak {rCorr}
rCorr   +            u - +0 pair of gloves "Vaivaz" {Rampage rPois Slay+5}
SInv    .            (boots unavailable)
Will    +....        h - amulet of regeneration Stlth
                     M - ring of protection from cold
HPRegen 1.19/turn    s - ring of protection from cold
MPRegen 0.00/turn

%: rampage, infuse magic (-2 HP)
@: mighty, resistant, flying
A: sickness immunity, fire resistance 2, cold vulnerability 1, float, innate
caster, HP casting, extra vitality 1
a: Renounce Religion, Recall Undead Harvest


You were in an ice cave.
You worshipped Yredelemnul.
Yredelemnul was aware of your devotion.
You visited 4 branches of the dungeon, and saw 24 of its levels.
You also visited: Ice Cave and Volcano.

You collected 3043 gold pieces.
You spent 2361 gold pieces at shops.

Inventory:

Hand Weapons
 a - a +4 heavy broad axe (weapon)
 b - a +3 scimitar of flaming
Missiles
 f - a throwing net (quivered)
Armour
 q - a +2 helmet (worn)
 u - the +0 pair of gloves "Vaivaz" (worn) {Rampage rPois Slay+5}
   (You acquired it on level 2 of the Orcish Mines)

   Slay+5:    It affects your accuracy & damage with ranged weapons and melee
   (+5).
   rPois:     It protects you from poison Rampage: It bestows one free step when
   moving towards enemies.
 v - the +1 hat "Nomm" {Fly Will+ Int+6}
   (You found it in a volcano)

   Int+6:     It affects your intelligence (+6).
   Will+:     It increases your willpower.
   Fly:       It grants you flight.
 A - the +5 chain mail "Cuifasycku" (worn) {rPois Str+2}
   (You bought it in a shop on level 2 of the Orcish Mines)

   Str+2:     It affects your strength (+2).
   rPois:     It protects you from poison
 J - a +2 kite shield (worn)
 O - a +4 scale mail of fire resistance
 P - a +2 cloak of preservation (worn)
Jewellery
 h - an amulet of regeneration (around neck)
 s - a ring of protection from cold (right hand)
 x - a ring of willpower
 H - a +4 ring of protection
 M - a ring of protection from cold (left hand)
 R - a +4 ring of protection
Wands
 t - a wand of polymorph (19)
 y - a wand of flame (35)
 D - a wand of roots (21)
 G - a wand of paralysis (22)
 N - a wand of digging (8)
 Q - a wand of acid (8)
Scrolls
 c - 2 scrolls of enchant armour
 d - 8 scrolls of fog
 i - 12 scrolls of teleportation
 m - a scroll of revelation
 p - 2 scrolls of blinking
 w - 3 scrolls of fear
 B - 3 scrolls of vulnerability
 C - 5 scrolls of immolation
 F - a scroll of poison
 L - a scroll of summoning
Potions
 e - 5 potions of brilliance
 j - 4 potions of enlightenment
 k - 8 potions of mutation
 l - 12 potions of curing
 n - 3 potions of might
 o - 4 potions of lignification
 z - 4 potions of berserk rage {unknown}
 I - 2 potions of ambrosia
 K - 3 potions of attraction
 U - 2 potions of cancellation
Miscellaneous
 r - a phial of floods


   Skills:
 - Level 10.0 Fighting
 - Level 18.0 Axes
 - Level 4.5 Ranged Weapons
 - Level 10.0 Armour
 - Level 2.1 Dodging
 - Level 0.7 Stealth
 - Level 10.0 Shields
 + Level 4.4 Spellcasting
 + Level 4.4 Conjurations
 + Level 4.4 Hexes
   Level 0.0 Charms
 + Level 4.4 Summonings
 + Level 4.4 Necromancy
 + Level 4.4 Translocations
   Level 0.0 Transmutations
 + Level 4.4 Fire Magic
 + Level 4.4 Ice Magic
 + Level 4.4 Air Magic
 + Level 4.4 Earth Magic
 + Level 4.4 Alchemy
 - Level 10.0 Invocations


You knew the following spells:

 Your Spells              Type           Power      Damage    Failure   Level
a - Summon Small Mammal   Summ           56%        N/A       47%         1
b - Mercury Vapours       Alch/Air       28%        N/A       63%         2
c - Stone Arrow           Conj/Erth      28%        3d8       85%         3
d - Mephitic Cloud        Conj/Alch/Air  14%        N/A       85%         3
e - Yara's Violent Unrav  Hex/Alch       7%         3d5       100%        5
f - Summon Forest         Summ/Tloc      7%         N/A       100%        5
g - Plasma Beam           Fire/Air       7%         2x1d17    100%        6
h - Summon Hydra          Summ           7%         N/A       100%        7
Your spell library was empty.


Dungeon Overview and Level Annotations

Branches:
Dungeon (15/15)            Temple (0/1) D:5            Lair (5/5) D:10
 Shoals (0/4) Lair:3       Spider (2/4) Lair:2        Slime (0/5) Lair:4
    Orc (2/2) D:11            Elf (0/3) Orc:2        Vaults (0/5) D:14
 Depths (0/4) D:15          IceCv (1/1)             Volcano (visited)

Altars:
Ashenzari
Cheibriados
Dithmenos
Elyvilon
Fedhas
Gozag
Hepliaklqana
Makhleb
Okawaru
Qazlal
Ru
Xom
Yredelemnul
Zin
The Shining One
Jiyva

Shops:
D:2 ?[(*   D:4 !   Orc:1 ?   Orc:2 =*[(

Portals:
Hell: Lair:5
Abyss: Lair:1

Annotations:
D:13 2 transporters, Biggs's ghost, journeyman DjAE
Lair:1 2 transporters, Laqueoixx's ghost, journeyman OpSh
Orc:2 Saint Roka


Innate Abilities, Weirdness & Mutations

You are immune to sickness and miasma.
You are immune to poison.
Your flesh is very heat resistant. (rF++)
You are vulnerable to cold. (rC-)
You float through the air rather than walking.
You learn spells naturally, not from books.
Your magical power is your life essence.
You have superior vitality. (+4 MHP)


Message History

You block the ice dragon's attack. The ice dragon tramples you.
You hold your ground!
Unknown command.
You cut the ice dragon into ribbons!!!
You kill the ice dragon!
You hit the purple ugly thing. You completely miss the rime drake.
You completely miss the ironbound frostheart.
You slash the ice dragon!
The ironbound frostheart barely misses you.
You block the rime drake's attack.
You block the purple ugly thing's attack.
The ice dragon bites you but does no damage.
The ice dragon claws you! You block the ice dragon's attack.
Unknown command.
Unknown command.
You slice the ironbound frostheart!!
The ironbound frostheart is severely wounded.
You slice the purple ugly thing!! You slash the rime drake!
You slash the ice dragon! The rime drake barely misses you.
The ironbound frostheart touches you!
* * * LOW HITPOINT WARNING * * *
The ironbound frostheart freezes you! You resist.
* * * LOW HITPOINT WARNING * * *
The purple ugly thing gores you but does no damage.
You block the ice dragon's attack. The ice dragon claws you.
* * * LOW HITPOINT WARNING * * *
The ice dragon barely misses you. You block the rime drake's attack.
The ironbound frostheart touches you.
* * * LOW HITPOINT WARNING * * *
The ironbound frostheart freezes you! You resist.
* * * LOW HITPOINT WARNING * * *
Unknown command.
Blink to where?
Press: ? - help, Dir - move target
As you read the scroll of blinking, it crumbles to dust.
Unknown command.
The ironbound frostheart calls freezing cold from the walls.
The frost grips you! You resist.
You die...
Your body becomes fuel for the black torch.

#.......#
#..§∩...#
##..p..##
##k..## #.uh##
##...# ##h..#
##...## #.@.##
#..## ##..##
##..# #..#
#....#
.........
............#
#........#.....


You could see a purple ugly thing, an ironbound frostheart and 2 polar bears.

Vanquished Creatures
  A ghost moth (Spider:1)
  Josephine (D:12)
  Fannar (D:10)
  The ghost of pigah the Mimic, a journeyman OpSh of Gozag (Lair:3)
  The ghost of Naggiasi the Slicer, a journeyman KoBr of Trog (D:12)
  A great orb of eyes (D:15)
  6 centaur warriors
  5 hydras
  An ice dragon (IceCv)
  An ogre mage (D:15)
  A catoblepas (Lair:5)
  5 boulder beetles
  A dancing weapon (D:14)
  Erica (D:10)
  3 two-headed ogres
  A tengu warrior (D:15)
  Urug (D:12)
  2 orc high priests
  Amaemon (D:9)
  Nergalle (D:10)
  A sixfirhy (Lair:5)
  2 pharaoh ants
  4 skeletal warriors
  3 orc knights
  4 deep elf pyromancers
  An anaconda skeleton (Volcano)
  Pikel (D:7)
  A harpy (D:12)
  2 phantasmal warriors (D:15)
  2 orc sorcerers
  2 steelbarb worms (Spider:1)
  4 cyclopes
  A wolf spider (Spider:1)
  7 ugly things
  4 manticores
  2 alligator skeletons (Volcano)
  A moth of wrath (Spider:1)
  10 elephants
  Maurice (D:11)
  2 meliai (Spider:1)
  4 black mambas
  2 kobold blastminers (Orc:2)
  3 guardian serpents
  3 torpor snails
  2 orange demons
  15 cane toads
  An ice statue (Spider:2)
  A molten gargoyle (Lair:5)
  An unseen horror (shapeshifter) (D:14)
  3 rime drakes (Lair:5)
  2 unseen horrors
  5 gargoyles
  A tengu conjurer (D:14)
  2 komodo dragons
  4 trolls
  4 polar bears
  A hellwing (Lair:5)
  2 hornets (D:8)
  A harpy skeleton (Volcano)
  5 tarantellas
  4 blink frogs
  13 dream sheep
  9 jumping spiders
  8 slime creatures
  3 culicivoras
  6 wraiths
  A vampire (D:12)
  A shadow (D:11)
  5 wyverns
  25 yaks
  A fire elemental (Lair:5)
  2 fire bats (Lair:5)
  5 basilisks
  11 redbacks
  Grum (Lair:1)
  3 wargs (Orc:2)
  10 vampire mosquitoes
  The ghost of TheBioAlchemist the Insei, an amateur OpSh (D:4)
  11 water moccasins
  5 acid dragons
  2 hell hounds (Lair:5)
  A sky beast (D:7)
  22 orc warriors
  5 ogres
  An ice beast (D:4)
  2 laughing skulls (Volcano)
  A black bear (Lair:1)
  7 wolves
  3 phantoms
  15 centaurs
  A weeping skull (Volcano)
  A kobold brigand (D:7)
  9 bullfrogs
  3 gnoll sergeants
  2 scorpions (Lair:2)
  17 wights
  A troll skeleton (Volcano)
  3 killer bees (D:9)
  2 electric eels (D:8)
  5 howler monkeys
  A crimson imp (D:3)
  4 bombardier beetles
  4 hounds
  21 orc priests
  3 iguanas
  A scorpion zombie (D:4)
  Terence (D:3)
  22 orc wizards
  Natasha (thrice) (D:3)
  A naga skeleton (Volcano)
  13 gnolls
  5 adders
  3 ribbon worms
  3 dart slugs
  73 orcs
  4 endoplasms
  7 giant cockroaches
  6 goblins
  8 hobgoblins
  6 jackals
  5 quokkas
  7 ball pythons
  3 bats
  3 frilled lizards
  2 goblin skeletons (D:3)
  4 hobgoblin zombies (D:3)
  11 kobolds
  A kobold skeleton (D:3)
  A kobold zombie (D:3)
  An orc skeleton (D:3)
  2 orc zombies (D:3)
  A quokka zombie (D:4)
  6 rats
617 creatures vanquished.

Vanquished Creatures (collateral kills)
  A frost giant (D:15)
  A vault guard (D:14)
  An ogre mage (D:15)
  2 catoblepae
  A centaur warrior (D:15)
  A boulder beetle (Lair:5)
  4 two-headed ogres
  A tengu warrior (D:15)
  2 orb spiders (Spider:1)
  An arcanist (Lair:5)
  A steelbarb worm (Spider:1)
  An orc sorcerer (Orc:1)
  A shining eye (shapeshifter) (D:14)
  4 wolf spiders
  5 elephants
  2 black mambas
  A meliai (Spider:1)
  9 cane toads
  An ice statue (Spider:2)
  A torpor snail (Spider:2)
  An unseen horror (D:13)
  2 komodo dragons
  A tengu conjurer (D:15)
  4 rime drakes
  2 ice devils (Lair:5)
  2 red devils (Lair:5)
  A polar bear (Lair:3)
  4 tarantellas
  5 blink frogs
  7 dream sheep
  2 jumping spiders
  2 culicivoras (Spider:1)
  2 slime creatures (D:14)
  2 wyverns
  8 yaks
  A basilisk (D:10)
  4 fire bats (Lair:5)
  A fire elemental (Lair:5)
  4 redbacks
  6 water moccasins
  2 hell hounds (Lair:5)
  4 orc warriors (Orc:2)
  A black bear (Lair:4)
  An ogre (D:15)
  5 wolves
  3 centaurs
  2 bullfrogs (Lair:1)
  A killer bee (D:9)
  2 electric eels
  An orc priest (Orc:2)
  5 orc wizards
  A gnoll (D:8)
  17 orcs
  A quokka (D:4)
148 creatures vanquished.

Vanquished Creatures (others)
  A wolf spider zombie (Spider:1)
  3 ugly thing zombies
  An orb spider zombie (Spider:1)
  4 redback zombies
  2 unseen horror zombies
  A dream sheep (Lair:5)
  3 jumping spider zombies
  A boulder beetle zombie (D:15)
  A tarantella zombie (Spider:1)
  A culicivora zombie (Spider:2)
  2 black mamba zombies (Lair:5)
  2 two-headed ogre zombies
  2 human zombies
  3 fire bat zombies (Lair:5)
  3 cane toad zombies (Lair:5)
  4 dream sheep zombies (Lair:5)
  A spectral red devil (Lair:5)
  3 elephant zombies
  2 manticore zombies (D:15)
  5 blink frog zombies
  3 rime drake zombies (Lair:5)
  2 kobold zombies (Orc:2)
  A cyclops zombie (D:9)
  4 water moccasin zombies
  2 warg zombies (Orc:2)
  2 hell hound zombies (Lair:5)
  8 yak zombies
  A troll zombie (Orc:2)
  2 wolf zombies (Lair:3)
  2 bullfrog zombies
  10 centaur zombies
  A scorpion zombie (Lair:2)
  A killer bee zombie (D:9)
  3 acid dragon zombies
  3 ogre zombies
  A sky beast zombie (D:7)
  2 hound zombies (D:6)
  An adder zombie (D:6)
  6 gnoll zombies
  A jackal zombie (D:4)
  59 orc zombies
160 creatures vanquished.

Grand Total: 925 creatures vanquished

Notes
Turn   | Place    | Note
-------+----------+-------------------------------------------
     0 | D:1      | SnakkuSnakku7 the Djinni Hunter began the quest for the
                  | Orb.
     0 | D:1      | Reached XP level 1. HP: 18/18 MP: 0/0
    91 | D:1      | Reached XP level 2. HP: 23/23 MP: 0/0
   335 | D:1      | Reached XP level 3. HP: 28/28 MP: 0/0
   335 | D:1      | Learned a level 1 spell: Summon Small Mammal
   725 | D:2      | Found Darrudet's Magic Scroll Shop.
   728 | D:2      | Bought a scroll of teleportation for 42 gold pieces
   728 | D:2      | Bought a scroll of identify for 28 gold pieces
   797 | D:2      | Reached XP level 4. HP: 33/33 MP: 0/0
   843 | D:2      | Found Nulyk's Weapon Shop.
   857 | D:2      | Found Imoemic's General Store.
  1070 | D:2      | Found Bouf's Antique Armour Emporium.
  1368 | D:3      | Noticed Natasha
  1377 | D:3      | Killed Natasha
  1378 | D:3      | Reached skill level 1 in Axes
  1435 | D:3      | Found a snail-covered altar of Cheibriados.
  1436 | D:3      | Noticed Terence
  1465 | D:3      | Noticed Natasha
  1472 | D:3      | Reached skill level 2 in Axes
  1472 | D:3      | Reached XP level 5. HP: 22/38 MP: 0/0
  1472 | D:3      | Learned a level 2 spell: Mercury Vapours
  1472 | D:3      | Killed Terence
  1501 | D:3      | Killed Natasha
  1522 | D:3      | Noticed Natasha
  1528 | D:3      | Killed Natasha
  1529 | D:3      | Reached skill level 3 in Axes
  1529 | D:3      | Reached XP level 6. HP: 43/43 MP: 0/0
  1951 | D:3      | Found a glowing golden altar of the Shining One.
  2175 | D:3      | Reached skill level 4 in Axes
  2216 | D:4      | Reached XP level 7. HP: 44/49 MP: 0/0
  2216 | D:4      | Learned a level 3 spell: Stone Arrow
  2244 | D:4      | Found Uguirr's Distillery.
  2303 | D:2      | Bought a +0 broad axe for 52 gold pieces
  2322 | D:4      | Found a runed translucent gate.
  2322 | D:4      | Found a runed translucent gate.
  2322 | D:4      | Found a runed translucent gate.
  2322 | D:4      | Noticed TheBioAlchemist's ghost (amateur OpSh)
  2324 | D:4      | Found a basalt altar of Yredelemnul.
  2345 | D:4      | Killed TheBioAlchemist's ghost
  2346 | D:4      | Reached skill level 5 in Axes
  2514 | D:4      | Found a broken altar of Ashenzari.
  2535 | D:4      | Reached skill level 6 in Axes
  2535 | D:4      | Reached XP level 8. HP: 48/54 MP: 0/0
  2559 | D:4      | Became a worshipper of Yredelemnul the Dark
  2643 | D:4      | Reached * piety under Yredelemnul
  2866 | D:5      | Entered Level 5 of the Dungeon
  3017 | D:5      | Found an opulent altar of Gozag.
  3290 | D:5      | Found a staircase to the Ecumenical Temple.
  3343 | D:5      | Found a stormy altar of Qazlal.
  3729 | D:6      | Reached skill level 7 in Axes
  3774 | D:6      | Found the amulet of Elemental Vulnerability {rPois rF--
                  | rC-- AC+8}
  4122 | D:6      | Reached ** piety under Yredelemnul
  4186 | D:6      | Found a burning altar of Makhleb.
  4192 | D:6      | Noticed a cacodemon
  4256 | D:6      | Reached skill level 8 in Axes
  4256 | D:6      | Reached XP level 9. HP: 50/58 MP: 0/0
  4256 | D:6      | Learned a level 3 spell: Mephitic Cloud
  4468 | D:2      | Bought a runed buckler for 187 gold pieces
  4897 | D:6      | Reached skill level 9 in Axes
  5316 | D:7      | Found an iron altar of Okawaru.
  5388 | D:7      | Noticed Pikel
  5399 | D:7      | Paralysed by Pikel for 2 turns
  5407 | D:7      | Killed Pikel
  5408 | D:7      | Reached skill level 10 in Axes
  5408 | D:7      | Reached XP level 10. HP: 48/64 MP: 0/0
  5487 | D:7      | Found a sacrificial altar of Ru.
  5609 | D:7      | Found a glowing silver altar of Zin.
  5766 | D:8      | Found a shimmering altar of Xom.
  5801 | D:8      | Reached skill level 11 in Axes
  6190 | D:8      | Found a shadowy altar of Dithmenos.
  6326 | D:8      | Identified the +3 long sword of Dishonesty {heavy, Will++
                  | Str+4 Int+3}
  6642 | D:8      | Found a hazy altar of Hepliaklqana.
  6721 | D:9      | Noticed a red ugly thing
  6745 | D:9      | Killed a red ugly thing
  6746 | D:9      | Reached skill level 12 in Axes
  6973 | D:9      | Reached XP level 11. HP: 64/68 MP: 0/0
  6973 | D:9      | Learned a level 5 spell: Yara's Violent Unravelling
  7004 | D:9      | Noticed a two-headed ogre
  7013 | D:9      | Killed a two-headed ogre
  7013 | D:9      | Reached *** piety under Yredelemnul
  7014 | D:9      | Reached skill level 13 in Axes
  7059 | D:9      | Noticed an eight-headed hydra
  7059 | D:9      | Noticed a cyclops
  7073 | D:9      | Killed an eight-headed hydra
  7167 | D:9      | Killed a cyclops
  7290 | D:9      | Noticed Amaemon
  7388 | D:9      | Killed Amaemon
  7519 | D:10     | Entered Level 10 of the Dungeon
  7587 | D:10     | Reached skill level 14 in Axes
  7683 | D:10     | Found a staircase to the Lair.
  7683 | D:10     | Noticed an elephant
  7683 | D:10     | Noticed Erica
  7709 | D:10     | Killed an elephant
  7721 | D:10     | Killed Erica
  8025 | D:10     | Noticed Nergalle
  8040 | D:10     | Noticed a six-headed hydra
  8111 | D:10     | Killed Nergalle
  8112 | D:10     | Reached XP level 12. HP: 62/74 MP: 0/0
  8358 | D:10     | Noticed Fannar
  8380 | D:10     | Killed Fannar
  8381 | D:10     | Reached skill level 15 in Axes
  8606 | D:10     | Killed a two-headed hydra
  8663 | D:11     | Reached skill level 5 in Fighting
  8716 | D:11     | Found a staircase to the Orcish Mines.
  8827 | D:11     | Noticed Maurice
  8830 | D:11     | Noticed a centaur warrior
  8830 | D:11     | Maurice stole a +6 ring of dexterity
  8833 | D:11     | Maurice stole a +3 scimitar of flaming
  8840 | D:11     | Killed Maurice
  8847 | D:11     | Killed a centaur warrior
  9122 | D:11     | Identified the +4 scale mail of Twilight {Str+2}
  9268 | Lair:1   | Entered Level 1 of the Lair of Beasts
  9295 | Lair:1   | Found a one-way gate to the infinite horrors of the Abyss.
  9295 | Lair:1   | Noticed Laqueoixx's ghost (journeyman OpSh)
  9298 | Lair:1   | Noticed a thrashing horror
  9299 | Lair:1   | Noticed a rakshasa
  9314 | Lair:1   | Found a transporter.
  9330 | Lair:1   | Found a transporter.
  9396 | Lair:1   | Noticed Grum
  9404 | Lair:1   | Killed Grum
  9407 | Lair:1   | Reached **** piety under Yredelemnul
  9448 | Lair:1   | Reached ***** piety under Yredelemnul
  9817 | Lair:1   | Reached skill level 1 in Shields
 10065 | Lair:2   | Reached XP level 13. HP: 94/94 MP: 0/0
 10065 | Lair:2   | Learned a level 5 spell: Summon Forest
 10114 | Lair:2   | Found a dark tunnel.
 10120 | Volcano  | Entered a volcano
 10434 | Volcano  | Reached skill level 5 in Shields
 10913 | Volcano  | Identified the +1 hat "Nomm" {Fly Will+ Int+6}
 10985 | Lair:2   | Found a broken altar of Ashenzari.
 11471 | Lair:2   | Found a hole to the Spider Nest.
 12010 | Lair:3   | Reached skill level 10 in Shields
 12046 | Lair:3   | Found a staircase to the Shoals.
 12082 | Lair:3   | Reached ****** piety under Yredelemnul
 12161 | Lair:3   | Found a runed translucent door.
 12171 | Lair:3   | Noticed pigah's ghost (journeyman OpSh)
 12522 | Lair:3   | Killed pigah's ghost
 12523 | Lair:3   | Reached skill level 10 in Fighting
 12523 | Lair:3   | Reached skill level 1 in Armour
 12606 | Lair:4   | Reached XP level 14. HP: 103/103 MP: 0/0
 13046 | Lair:4   | Found a staircase to the Slime Pits.
 13047 | Lair:4   | Found a viscous altar of Jiyva.
 13059 | Lair:4   | Reached skill level 5 in Armour
 13482 | Lair:5   | Entered Level 5 of the Lair of Beasts
 13642 | Lair:5   | Identified the +6 orcbow "Batosm" {drain, ^Drain rElec
                  | Str+3 Dex+5}
 13758 | Lair:5   | Reached skill level 10 in Armour
 14132 | Lair:5   | Reached XP level 15. HP: 107/107 MP: 0/0
 14132 | Lair:5   | Learned a level 6 spell: Plasma Beam
 14198 | Lair:5   | Found a burning altar of Makhleb.
 14288 | Lair:5   | Found a gateway to Hell.
 14491 | Lair:5   | Reached skill level 16 in Axes
 14904 | D:2      | Bought a faintly humming plate armour for 700 gold pieces
 14904 | D:2      | Identified the +2 plate armour "Hudghomage" {Rampage rN++
                  | Str-5} (You bought it in a shop on level 2 of the Dungeon)
 14941 | D:2      | Bought a scroll of enchant armour for 105 gold pieces
 14941 | D:2      | Bought a scroll of teleportation for 42 gold pieces
 14941 | D:2      | Bought a scroll of revelation for 105 gold pieces
 14990 | D:4      | Bought a potion of heal wounds for 55 gold pieces
 15131 | Orc:1    | Entered Level 1 of the Orcish Mines
 15215 | Orc:1    | Found Urphox's Magic Scroll Shoppe.
 15258 | Orc:1    | Bought a scroll of enchant armour for 105 gold pieces
 15258 | Orc:1    | Bought a scroll of teleportation for 42 gold pieces
 15418 | Orc:1    | Bought a scroll of blinking for 105 gold pieces
 15426 | Orc:2    | Entered Level 2 of the Orcish Mines
 15807 | Orc:2    | Found Otoehodd's Jewellery Shoppe.
 16115 | Orc:2    | Found Aujiwk's Alliterative Armaments.
 16147 | Orc:2    | Found a staircase to the Elven Halls.
 16270 | Orc:2    | Found Pael's Jewellery Shoppe.
 16662 | Orc:2    | Noticed Saint Roka
 16740 | Orc:2    | HP: 5/107 [Saint Roka/+0 great sword (31)]
 16965 | Orc:2    | Identified a scroll of acquirement
 16965 | Orc:2    | Acquired the +0 pair of gloves "Vaivaz" {Rampage rPois
                  | Slay+5}
 17064 | Orc:2    | Found Suelit's Antique Armour Boutique.
 17066 | Orc:2    | Found Elavir's Antique Weapon Shop.
 17079 | Orc:2    | Bought a polished chain mail for 275 gold pieces
 17079 | Orc:2    | Identified the +5 chain mail "Cuifasycku" {rPois Str+2}
                  | (You bought it in a shop on level 2 of the Orcish Mines)
 17330 | D:12     | Noticed Urug
 17344 | D:12     | Killed Urug
 17396 | D:12     | Noticed Josephine
 17401 | D:12     | Reached skill level 17 in Axes
 17406 | D:12     | Killed Josephine
 17415 | D:12     | Paralysed by a centaur for 3 turns
 17417 | D:12     | Your ally Josephine died
 17427 | D:12     | Found a blossoming altar of Fedhas.
 17498 | D:12     | Found a runed translucent door.
 17498 | D:12     | Noticed Naggiasi's ghost (journeyman KoBr)
 17909 | D:12     | Killed Naggiasi's ghost
 18205 | D:13     | Found a transporter.
 18209 | D:13     | Noticed Biggs's ghost (journeyman DjAE)
 18231 | D:13     | Found a transporter.
 18504 | D:13     | Reached XP level 16. HP: 97/113 MP: 0/0
 18791 | D:14     | Found a gate to the Vaults.
 18904 | D:14     | Reached skill level 18 in Axes
 18906 | D:14     | Reached skill level 1 in Invocations
 19441 | D:15     | Entered Level 15 of the Dungeon
 19544 | D:15     | Reached skill level 5 in Invocations
 19659 | D:15     | Found a white marble altar of Elyvilon.
 19796 | D:15     | Found a staircase to the Depths.
 19796 | D:15     | Noticed a frost giant
 19806 | D:15     | Killed a frost giant
 19988 | D:15     | Found the +3 pair of seven-league boots {Rampage+∞}
 20267 | D:4      | Bought a potion of cancellation for 88 gold pieces
 20267 | D:4      | Bought a potion of curing for 33 gold pieces
 20267 | D:4      | Bought a potion of cancellation for 88 gold pieces
 20267 | D:4      | Bought a potion of mutation for 88 gold pieces
 20267 | D:4      | Bought a potion of curing for 33 gold pieces
 20267 | D:4      | Bought a potion of might for 44 gold pieces
 20267 | D:4      | Bought a potion of mutation for 88 gold pieces
 20422 | Orc:1    | Bought a scroll of fear for 56 gold pieces
 20425 | Orc:1    | Acquired 589 gold pieces
 20546 | Spider:1 | Entered Level 1 of the Spider Nest
 20714 | Spider:1 | Reached skill level 10 in Invocations
 20724 | Spider:1 | Reached skill level 1 in Spellcasting
 20724 | Spider:1 | Reached skill level 1 in Conjurations
 20724 | Spider:1 | Reached skill level 1 in Hexes
 20724 | Spider:1 | Reached skill level 1 in Summonings
 20724 | Spider:1 | Reached skill level 1 in Necromancy
 20724 | Spider:1 | Reached skill level 1 in Translocations
 20724 | Spider:1 | Reached skill level 1 in Fire Magic
 20724 | Spider:1 | Reached skill level 1 in Ice Magic
 20724 | Spider:1 | Reached skill level 1 in Air Magic
 20724 | Spider:1 | Reached skill level 1 in Earth Magic
 20724 | Spider:1 | Reached skill level 1 in Alchemy
 20724 | Spider:1 | Reached XP level 17. HP: 74/119 MP: 0/0
 20724 | Spider:1 | Learned a level 7 spell: Summon Hydra
 21089 | Spider:2 | Found a glacial archway.
 21206 | IceCv    | Entered an ice cave
 21271 | IceCv    | HP: 5/119 [ironbound frostheart (7)]
 21273 | IceCv    | Killed from afar by an ironbound frostheart

Illustrated notes

Levels and vault maps discovered:
D:1:      dpeg_arrival_prison, layout_basic, minmay_tetromino_o4
D:2:      cheibrodos_helix_gallery, layout_basic, serial_shops,
          nicolae_shop_rolling_square, shop, nicolae_shop_advertising_works
          [nicolae_subvault_shop_adworks], nicolae_shop_real_fake_doors,
          chequers_serial_rivers_micro_e, minmay_circle_x
D:3:      layout_basic, nicolae_tso_besieged_by_evil, kennysheep_slug_shrine,
          uniq_natasha, uniq_terence
D:4:      layout_cave_pools, nicolae_yredelemnul_ghost_church,
          cheibrodos_ashenzari_chains, serial_shops, nicolae_shop_tiny_glass
D:5:      layout_loops_ring, grunt_qazlal_sundering, grunt_gozag_statues,
          mainiacjoe_overflow_cross_hatched, temple_doors_ab
D:6:      layout_rooms, makhleb_altar_promises_db, columned_hall_lemuel,
          dreamdust_gnoll_farm
D:7:      layout_basic, mainiacjoe_overflow_24_doors, okawaru_metal_pillars_1_2,
          zin_statuary, uniq_pikel
D:8:      layout_basic, nicolae_overflow_hidden_temple,
          grunt_dithmenos_smoke_and_mirrors, nicolae_hepliaklqana_hippocampus,
          minivault_14, minivault_10
D:9:      layout_cave_pools, led_sif_book, nicolae_kikubaaqudgha_miasma_corner,
          serial_column_ruins, column_ruins_hut, column_ruins_hut,
          column_ruins_grid_3, column_ruins_columns_corner,
          column_ruins_columns_straight, column_ruins_columns_straight,
          minivault_20, uniq_amaemon
D:10:     layout_basic, david_lair_generic, serial_aquarium,
          aquarium_bridge_square [aquarium_subvault_window,
          aquarium_subvault_bridge, aquarium_subvault_wall,
          aquarium_subvault_wall], aquarium_window_2, aquarium_window_2,
          aquarium_view_4, aquarium_view_2d, aquarium_pool_S, uniq_fannar,
          uniq_erica, uniq_nergalle
D:11:     layout_rooms, david_orc_3, minivault_4, dk_noncrumbling_2,
          uniq_maurice
D:12:     layout_stronghold, ebering_ghost_inner_flame, fedhas_ov_isle_minmay,
          uniq_urug, uniq_josephine
D:13:     layout_long_grid, gammafunk_ghost_berserking_beasts
D:14:     layout_loops_ring, erik_vaults_1, minmay_misc_feat_square,
          nrook_guardian_serpent_double
D:15:     grunt_enter_depths_snipers, layout_cave_pools, elyvilon_altar_5,
          hellmonk_guarded_unrand_seven_league_boots
Lair:1:   layout_roguey, gammafunk_ghost_abyssal_escape,
          chequers_serial_rivers_micro_e, serial_bayou_pond_d, uniq_grum
Lair:2:   layout_cave_pods, nicolae_spider_entry_lesser_pyramids,
          nicolae_volcano_entry_s_turn, basic_altar
Lair:3:   layout_hall_layers, shoals_dummy_entry, ebering_ghost_reflecting_pool,
          infiniplex_staircase_pool_2, grunt_megastairs_1, lemuel_fruit_tree
Lair:4:   wad_woods_pond, layout_regular_city, slime_entry_1
Lair:5:   evil_forest, layout_gridlike, st_stairs_13
Spider:1: layout_spider_delve
Spider:2: layout_cave_pods, portal_ice_cave_entry_ice_statue_two
Orc:1:    layout_diamond_mine, serial_shops, nicolae_shop_statue_plus
Orc:2:    grunt_orc_community_town_hall, layout_caves,
          grunt_orc_community_big_house_2, grunt_orc_community_big_house_2,
          grunt_orc_community_house_1, grunt_orc_community_house_1,
          grunt_orc_community_house_2, grunt_orc_community_house_3,
          grunt_orc_community_house_3, grunt_orc_community_house_3,
          monkooky_shop_alliterative
IceCv:    ice_cave_small_giant

Skill      XL: |  1  2  3  4  5  6  7  8  9 10 11 12 13 14 15 16 17 |
---------------+----------------------------------------------------+-----
Ranged Weapons | 4 |  4.5
Axes           | 2 3 4 6 8 10 12 14 15 17 18 | 18.0
Fighting       | 8 10 | 10.0
Shields        | 2 10 | 10.0
Armour         | 1 10 | 10.0
Invocations    | 10 | 10.0
Spellcasting   | 1 4 |  4.4
Conjurations   | 1 4 |  4.4
Hexes          | 1 4 |  4.4
Summonings     | 1 4 |  4.4
Necromancy     | 1 4 |  4.4
Translocations | 1 4 |  4.4
Fire Magic     | 1 4 |  4.4
Ice Magic      | 1 4 |  4.4
Air Magic      | 1 4 |  4.4
Earth Magic    | 1 4 |  4.4
Alchemy        | 1 4 |  4.4
Dodging        | |  2.1
Stealth        | |  0.7

Action                     |  1- 3 |  4- 6 |  7- 9 | 10-12 | 13-15 | 16-18 || total
---------------------------+-------+-------+-------+-------+-------+-------++-------
  Melee: Hand axe          |       |   114 |   306 |   644 |   217 |       ||  1281
         Punch             |       |       |     2 |       |       |       ||     2
         Broad axe         |       |       |    18 |       |   982 |   295 ||  1295
         Scimitar          |       |       |       |     4 |     5 |       ||     9
   Fire: Shortbow          |    89 |    27 |       |       |       |       ||   116
  Throw: Throwing net      |       |       |       |     1 |       |       ||     1
 Invoke: Recall Undead Har |       |       |       |       |     1 |       ||     1
  Evoke: Wand              |       |       |       |    11 |     4 |     1 ||    16
         Phial of floods   |       |       |       |       |     1 |       ||     1
    Use: Scroll            |     2 |       |     3 |     5 |    12 |     6 ||    28
         Potion            |       |       |       |       |    12 |     4 ||    16
   Stab: Sleeping          |       |       |     1 |       |       |       ||     1
         Distracted        |       |       |     1 |     5 |    30 |     8 ||    44
         Held in net/web   |       |       |       |     1 |       |       ||     1
         Paralysed         |       |       |       |       |     5 |       ||     5
         Petrified         |       |       |       |       |    13 |       ||    13
 Armour: Leather armour    |    22 |    77 |    64 |       |       |       ||   163
         Scale mail        |       |       |   135 |   450 |   648 |       ||  1233
         Ring mail         |       |       |    17 |       |       |       ||    17
         Plate armour      |       |       |     1 |       |       |       ||     1
         Chain mail        |       |       |       |       |   179 |   409 ||   588
  Dodge: Dodged            |    34 |   106 |   125 |   207 |   282 |    74 ||   828
  Block: Buckler           |       |       |    21 |   135 |       |       ||   156
         Kite shield       |       |       |       |     9 |   968 |   306 ||  1283
